 Dungeon Crawl Stone Soup version 0.29.1-2-gbd0b4ee654 (webtiles) character file.

Game seed: 7241502982367852830

93 Ivernyr the Insei (level 4, -5/29 HPs)
             Began as an Octopode Transmuter on Oct 30, 2022.
             Killed by divine providence
             ... invoked by an orc priest
              (11 damage)
             ... on level 3 of the Dungeon.
             The game lasted 00:04:06 (2286 turns).

Ivernyr the Insei (Octopode Transmuter)             Turns: 2286, Time: 00:04:07

Health: -5/29      AC:  1    Str:  9    XL:     4   Next: 62%
Magic:  1/7        EV: 13    Int: 17    God:
Gold:   131        SH:  0    Dex: 12    Spells: 2/8 levels left

rFire   . . .      SeeInvis .     - Unarmed
rCold   . . .      Faith    .   (no shield)
rNeg    . . .      Spirit   .   (helmet currently unavailable)
rPois   .          Reflect  .   (no amulet)
rElec   .          Harm     .   (no ring)
rCorr   .          Rampage  .   (no ring)
Will    .....                   (no ring)
Stlth   ++........              (no ring)
HPRegen 0.09/turn               (no ring)
MPRegen 0.10/turn               (no ring)
                                (no ring)
                                (no ring)

@: appendages (expiring), very slightly contaminated
A: tentacle spike 3, almost no armour, amphibious, 8 rings, camouflage 1,
gelatinous body 1, (nimble swimmer 1), tentacles
a: End Transformation


You were on level 3 of the Dungeon.
One of your tentacles had grown a beastly spike.
You visited 1 branch of the dungeon, and saw 3 of its levels.

You collected 131 gold pieces.

Inventory:

Scrolls
 b - a scroll of noise {unknown}
 d - a scroll of blinking {unknown}
 e - 2 scrolls of enchant weapon {unknown}
 f - 3 scrolls of summoning {unknown}
 g - 3 scrolls of fog {unknown}
 i - a scroll of immolation {unknown}
 m - a scroll of identify {unknown}
 o - a scroll of magic mapping {unknown}
 p - a scroll of teleportation {unknown}
Potions
 a - a potion of lignification
 c - a potion of heal wounds {unknown}
 h - a potion of haste {unknown}
 j - a potion of invisibility {unknown}
 k - a potion of mutation {unknown}
 l - 2 potions of curing {unknown}
 n - a potion of cancellation {unknown}


   Skills:
 + Level 2.0 Fighting
 - Level 2.0 Dodging
 + Level 3.5 Unarmed Combat
 + Level 2.5 Spellcasting
 * Level 3.2 Transmutations


You had 2 spell levels left.
You knew the following spells:

 Your Spells              Type           Power      Damage    Failure   Level
a - Beastly Appendage     Tmut           26%        N/A       4%          1
b - Wereblood             Tmut           13%        N/A       7%          2
c - Spider Form           Tmut/Pois      7%         N/A       28%         3

Your spell library contained the following spells:

 Spells                   Type           Power      Damage    Failure   Level
 Ensorcelled Hibernation  Hex/Ice        4%         N/A       28%         2
 Gell's Gravitas          Tloc           2%         N/A       50%         3
 Lesser Beckoning         Tloc           2%         N/A       50%         3
 Teleport Other           Tloc           2%         N/A       50%         3
 Ice Form                 Ice/Tmut       7%         N/A       67%         4
 Anguish                  Hex/Necr       1%         N/A       88%         4


Dungeon Overview and Level Annotations

Branches:
Dungeon (3/15)

Altars:

Shops:
D:2 !


Innate Abilities, Weirdness & Mutations

One of your tentacles has grown a beastly spike.
You cannot wear most types of armour.
You are amphibious.
You can wear up to eight rings at the same time.
Your skin changes colour to match your surroundings (Stealth+).
Your rubbery body absorbs attacks. (AC +1, EV +1)
((You are camouflaged when in or above water. (Stealth+)))
You have tentacles for arms and can constrict up to eight enemies at once.


Message History

Unknown command.
Casting: Spider Form (extremely dangerous; 28% risk of failure)
Confirm with . or Enter, or press ? or * to list all spells.
One of your tentacles grows a vicious spike.
The orc closely misses you.
The orc shouts!
You tentacle-slap the orc but do no damage.
Your grab misses the orc.
Your tentacle spike misses the orc.
You tentacle-slap the orc, but do no damage.
Your squeeze misses the orc. The orc closely misses you.
You tentacle-slap the orc but do no damage.
Your grab misses the orc. You tentacle-slap the orc. You grab the orc.
The orc is heavily wounded.
You constrict the orc. The orc closely misses you. The orc priest misses you.
The orc shouts!
You tentacle-slap the orc but do no damage.
You pierce the orc, but do no damage.
You squeeze the orc.
You kill the orc!
The orc priest mumbles some strange prayers to Beogh against you.
Pain shoots through your body!
You tentacle-slap the orc. Your grab misses the orc.
Your tentacle spike misses the orc.
The orc is moderately wounded.
The orc priest calls upon Beogh to heal the orc.
The orc's wounds heal themselves!
The orc hits you with a +0 whip.
* * * LOW HITPOINT WARNING * * *
You barely miss the orc. You grab the orc. You constrict the orc.
The orc priest calls upon Beogh to heal the orc.
The orc's wounds heal themselves!
The orc completely misses you.
You tentacle-slap the orc but do no damage.
You pierce the orc, but do no damage.
You tentacle-slap the orc, but do no damage.
You squeeze the orc.
The orc is moderately wounded.
Your transformation is almost over.
You constrict the orc.
The orc priest mumbles some strange prayers to Beogh against you.
Beogh smites you!
You die...

..........######......
.............)........
##.###.o#####....####
##..###....o.o.#[....#
........o######.......
.#.####..#####.....l..
.>......o.....o.......
##.####o######...o....
.#....@o.# .o.....
..........##.#### ...
...........##....# .....
......#.... ####.####......
#.....##..### #.##........
#...........# #.##......##
#..........## #.#........#
#...........###.#......8.#
..
#.#..........##......._..##


You could see an orc priest and 2 orcs.

Vanquished Creatures
  3 adders (D:2)
  2 dart slugs (D:1)
  An orc (D:3)
  A ball python (D:2)
  4 bats
  7 endoplasms
  2 giant cockroaches
  8 goblins
  6 hobgoblins
  4 jackals (D:2)
  5 quokkas
  3 frilled lizards (D:1)
  3 kobolds
  6 rats
55 creatures vanquished.

Notes
Turn   | Place    | Note
-------+----------+-------------------------------------------
     0 | D:1      | Ivernyr the Octopode Transmuter began the quest for the
                  | Orb.
     0 | D:1      | Reached XP level 1. HP: 13/13 MP: 3/3
   186 | D:1      | Reached XP level 2. HP: 18/18 MP: 3/5
   205 | D:1      | Learned a level 2 spell: Wereblood
   562 | D:1      | Reached XP level 3. HP: 23/23 MP: 3/6
   566 | D:1      | Learned a level 3 spell: Spider Form
  1053 | D:2      | Found Liuskuc's Distillery.
  1329 | D:2      | Reached XP level 4. HP: 26/29 MP: 5/7
  2226 | D:3      | Found a faded altar of an unknown god.
  2286 | D:3      | Killed from afar by an orc priest

Illustrated notes

Levels and vault maps discovered:
D:1:      dpeg_arrival_stone_temple_mockup, layout_basic,
          chequers_serial_rivers_room_b, minmay_pentomino_q4
D:2:      layout_basic, serial_shops, nicolae_diamond_shop
D:3:      layout_rooms, dreamdust_ecumenical_altar_statues

Skill      XL: |  1  2  3  4 |
---------------+-------------+-----
Transmutations | 3 |  3.2
Fighting       | 2 |  2.0
Dodging        | |  2.0
Unarmed Combat | |  3.5
Spellcasting   | |  2.5

Action                   |  1- 3 |  4- 6 || total
-------------------------+-------+-------++-------
Melee: Unarmed           |    72 |    45 ||   117
       Constrict         |    24 |    11 ||    35
       Kick              |    14 |     4 ||    18
       Tentacles         |    13 |     7 ||    20
       Punch             |     2 |     2 ||     4
 Cast: Beastly Appendage |     8 |     2 ||    10
       Wereblood         |     2 |       ||     2
 Stab: Sleeping          |     3 |     3 ||     6
Armor: Skin              |    13 |     3 ||    16
Dodge: Dodged            |    51 |    23 ||    74
